 Dungeon Crawl Stone Soup version 0.24.0-123-gd5b16e6ec5 (webtiles) character file.

Game seed: 3880975078432132932, levelgen mode: deterministic

2314 Fzanck the Cleaver (level 9, -2/75 HPs)
             Began as a Minotaur Fighter on Jan 7, 2020.
             Was a Believer of Uskayaw.
             Killed from afar by Erica (28 damage)
             ... with an orb of energy
             ... on level 8 of the Dungeon.
             The game lasted 00:27:08 (7859 turns).

Fzanck the Cleaver (Minotaur Fighter)               Turns: 7859, Time: 00:27:09

Health: -2/75      AC:  9    Str: 24    XL:     9   Next: 18%
Magic:  8/8        EV:  9    Int:  5    God:    Uskayaw [**....]
Gold:   460        SH: 11    Dex: 10    Spells: 8/8 levels left

rFire    . . .     SeeInvis .   e - +1 hand axe (drain)
rCold    . . .     Gourm    .   c - +0 shield
rNeg     . . .     Faith    .   b - +0 scale mail
rPois    .         Spirit   .   (helmet restricted)
rElec    .         Reflect  .   (no cloak)
rCorr    .         Harm     .   r - +0 pair of gloves
MR       .....     Rnd*Tele +   (no boots)
Stlth    +.........             (no amulet)
HPRegen  0.22/turn              h - ring of teleportation (curse)
MPRegen  0.11/turn              q - ring of flight

@: no status effects
A: retaliatory headbutt, horns 2
a: Stomp, Line Pass, Renounce Religion, Evoke Flight


You were on level 8 of the Dungeon.
You worshipped Uskayaw.
Uskayaw was noncommittal.
You were not hungry.

You visited 1 branch of the dungeon, and saw 7 of its levels.

You collected 460 gold pieces.

Inventory:

Hand Weapons
 a - a +0 war axe
 e - a +1 hand axe of draining (weapon)
 j - a +0 short sword of flaming
Missiles
 m - 17 poisoned darts (quivered)
Armour
 b - a +0 scale mail (worn)
 c - a +0 shield (worn)
 r - a +0 pair of gloves (worn)
Jewellery
 h - a cursed ring of teleportation (left hand)
 q - a ring of flight (right hand)
 t - an uncursed ring of see invisible {unknown}
Wands
 n - a wand of iceblast (13)
 x - a wand of paralysis (16)
Scrolls
 g - 4 scrolls of teleportation {unknown}
 k - 6 scrolls of identify {unknown}
 o - 2 scrolls of blinking {unknown}
 s - 5 scrolls of remove curse {unknown}
 w - a scroll of acquirement {unknown}
 y - a scroll of enchant weapon {unknown}
 A - a scroll of fear {unknown}
Potions
 d - 2 potions of might
 l - 2 potions of mutation {unknown}
 p - 3 potions of curing {unknown}
 u - 3 potions of magic {unknown}
 v - a potion of lignification {unknown}
 z - a potion of flight {unknown}
 B - a potion of heal wounds
Comestibles
 f - 3 rations


   Skills:
 + Level 6.1 Fighting
 + Level 8.7 Axes
 + Level 7.4 Armour
 + Level 2.8 Dodging
 + Level 3.7 Stealth
 + Level 7.2 Shields


You had 8 spell levels left.
You didn't know any spells.
Your spell library was empty.

Dungeon Overview and Level Annotations

Branches:
Dungeon (6/15)             Temple (0/1) D:4            Lair (0/6) D:8

Altars:
Ashenzari
Cheibriados
Elyvilon
Okawaru
Qazlal
Trog
Uskayaw
Vehumet
Wu Jian
Xom
Zin
The Shining One

Annotations:
D:5 exclusion: statue
D:8 Erica


Innate Abilities, Weirdness & Mutations

You reflexively headbutt those who attack you in melee.
You have a pair of horns on your head.


Message History

You hit the hound zombie. Your headbutt misses the hound zombie.
The hound zombie is moderately damaged.
You block the hound zombie's attack. The hound zombie closely misses you.
You hit the hound zombie. Your headbutt misses the hound zombie.
The hound zombie is heavily damaged.
The orc throws a boomerang.
The boomerang hits you but does no damage.
The weapon returns to the orc!
You block the hound zombie's attack.
You hit the hound zombie. You headbutt the hound zombie!
You destroy the hound zombie!
You hear some strange, mumbled words.
An orb of energy appears from out of thin air!
The orb of energy hits you!!
The orb of energy explodes!
The orc throws a boomerang.
You block the boomerang.
The weapon returns to the orc!
You can now pass through a line of other dancers.
You hear some strange, mumbled words.
An orb of energy appears from out of thin air!
The orb of energy hits you!!
You die...

#.#.################
#..................#
#.#.#######...####.#
#{#.# #...# #.#.#
#####...# #.#.#
#.....###
..##.#.###.....##..
...................
.##.#.....@.......
..#..#########.#
..............o
......o[....###
......##.##.# #.....
.. .. #.#... !{. ##
#.#..o ... #.. ....


There were no monsters in sight!

Vanquished Creatures
  Sigmund (D:2)
  Duvessa (D:6)
  An orc warrior (D:6)
  An ice beast (D:6)
  2 ogres
  3 sky beasts (D:6)
  A phantom (D:5)
  2 centaurs (D:6)
  A crocodile (D:6)
  2 bullfrogs (D:6)
  3 scorpions
  Dowan (D:6)
  A howler monkey (D:6)
  3 crimson imps
  2 hounds (D:6)
  4 orc priests
  3 iguanas (D:5)
  2 orc wizards (D:6)
  A worker ant (D:3)
  A killer bee zombie (D:6)
  A hound zombie (D:8)
  A hound skeleton (D:6)
  4 adders
  8 gnolls
  A river rat (D:3)
  A shadow imp (D:5)
  A dart slug (D:1)
  3 leopard geckos
  32 orcs
  17 giant cockroaches
  3 goblins
  6 hobgoblins
  20 jackals
  3 quokkas
  2 ball pythons
  8 bats
  4 frilled lizards
  A jackal skeleton (D:3)
  6 kobolds
  A quokka skeleton (D:5)
  A quokka zombie (D:5)
  8 rats
  A bush (D:2)
169 creatures vanquished.

Notes
Turn   | Place    | Note
-------+----------+-------------------------------------------
     0 | D:1      | Fzanck the Minotaur Fighter began the quest for the Orb.
     0 | D:1      | Reached XP level 1. HP: 19/19 MP: 0/0
   680 | D:1      | Reached XP level 2. HP: 25/27 MP: 1/1
  1610 | D:2      | Reached XP level 3. HP: 32/33 MP: 2/2
  1755 | D:2      | Found a hide-covered altar of Uskayaw.
  1767 | D:2      | Became a worshipper of Uskayaw the Reveler
  1979 | D:2      | Reached * piety under Uskayaw
  2115 | D:2      | Found a shattered altar of Ashenzari.
  2118 | D:2      | Found a glowing golden altar of the Shining One.
  2119 | D:2      | Found a bloodstained altar of Trog.
  2121 | D:2      | Found a glowing silver altar of Zin.
  2184 | D:2      | Noticed Sigmund
  2188 | D:2      | Reached ** piety under Uskayaw
  2191 | D:2      | Killed Sigmund
  2191 | D:2      | Reached skill level 4 in Axes
  2191 | D:2      | Reached skill level 1 in Dodging
  2191 | D:2      | Reached skill level 5 in Shields
  2191 | D:2      | Reached XP level 4. HP: 22/40 MP: 3/3
  2191 | D:2      | Reached XP level 5. HP: 26/46 MP: 4/4
  2191 | D:2      | Reached *** piety under Uskayaw
  2238 | D:2      | Found a burning altar of Makhleb.
  2241 | D:2      | Found a white marble altar of Elyvilon.
  2241 | D:2      | Found a shimmering altar of Xom.
  2245 | D:2      | Found a hide-covered altar of Uskayaw.
  2245 | D:2      | Found a white marble altar of Elyvilon.
  2245 | D:2      | Found a shimmering altar of Xom.
  2325 | D:2      | Found an ornate altar of the Wu Jian Council.
  2810 | D:3      | Reached skill level 5 in Armour
  2815 | D:3      | Reached **** piety under Uskayaw
  3127 | D:3      | Reached XP level 6. HP: 52/52 MP: 5/5
  3160 | D:3      | Found a glowing drain.
  3481 | D:3      | Reached skill level 5 in Axes
  3921 | D:4      | Reached XP level 7. HP: 47/60 MP: 6/6
  4475 | D:4      | Found an iron altar of Okawaru.
  4498 | D:4      | Found a staircase to the Ecumenical Temple.
  4541 | D:4      | Found a snail-covered altar of Cheibriados.
  4813 | D:4      | Reached skill level 1 in Stealth
  5400 | D:4      | Found a stormy altar of Qazlal.
  5605 | D:5      | Entered Level 5 of the Dungeon
  5642 | D:5      | Reached skill level 6 in Axes
  5833 | D:5      | Reached skill level 5 in Fighting
  6583 | D:5      | Reached skill level 7 in Axes
  6583 | D:5      | Reached XP level 8. HP: 26/68 MP: 7/7
  6894 | D:5      | Found a radiant altar of Vehumet.
  6905 | D:6      | Noticed Duvessa
  6905 | D:6      | Noticed Dowan
  6917 | D:6      | Killed Dowan
  6920 | D:6      | Killed Duvessa
  6920 | D:6      | Reached ***** piety under Uskayaw
  7266 | D:6      | Reached skill level 8 in Axes
  7417 | D:6      | Reached XP level 9. HP: 59/75 MP: 8/8
  7813 | D:6      | You fall into a shaft and drop 2 floors!
  7847 | D:8      | Found a staircase to the Lair.
  7847 | D:8      | Noticed a troll
  7850 | D:8      | Noticed Erica
  7859 | D:8      | Killed from afar by Erica

Levels and vault maps discovered:
D:1:      psy_arrival_statuary, layout_loops_ring, chequers_big_river
D:2:      minmay_roachtagon, layout_loops_ring, marbit_many_paths,
          lemuel_round_altar, minitemple, doesnt_xom_only_xom, first_ration,
          minmay_hedge_maze, uniq_sigmund
D:3:      layout_basic, portal_sewer_entry_a
D:4:      layout_layer_cave, nicolae_overflow_hidden_temple,
          minmay_temple_entry_wispy, serial_bayou_ford_a, grunt_ministairs_11,
          minivault_11
D:5:      layout_basic, vehumet_statue
D:6:      layout_loops_ring, minivault_24, nzn_random_ring, uniq_duvessa
D:8:      layout_basic, erik_lair_island, grunt_livestock, uniq_erica

Skill      XL: |  1  2  3  4  5  6  7  8 |
---------------+-------------------------+-----
Armour         | 4 5 6 7 |  7.4
Shields        | 4 5 6 7 |  7.2
Fighting       | 4 5 6 |  6.1
Axes           | 4 5 7 8 |  8.7
Dodging        | 1 2 |  2.8
Stealth        | 1 3 |  3.7

Action                   |  1- 3 |  4- 6 |  7- 9 || total
-------------------------+-------+-------+-------++-------
Melee: War axe           |   134 |    99 |    10 ||   243
       Headbutt          |    30 |    21 |    31 ||    82
       Hand axe          |       |       |   279 ||   279
  Use: Potion            |       |       |     3 ||     3
 Stab: Paralysed         |       |     4 |    15 ||    19
  Eat: Chunk             |     4 |     2 |     6 ||    12
       Ration            |       |     1 |     2 ||     3
Armor: Scale mail        |    73 |    34 |    83 ||   190
Dodge: Dodged            |    48 |    39 |    74 ||   161
Block: Shield            |    87 |    64 |   127 ||   278
